 Dungeon Crawl Stone Soup version 0.28.0-47-ge53b351184 (webtiles) character file.

Game seed: 14119682711338244739

228 101zpm the Magician (level 6, -2/40 HPs)
             Began as a Djinni Ice Elementalist on Apr 26, 2022.
             Slain by a centaur skeleton (4 damage)
             ... on level 4 of the Dungeon.
             The game lasted 00:06:17 (4498 turns).

101zpm the Magician (Djinni Ice Elementalist)       Turns: 4498, Time: 00:06:19

Health: -2/40      AC:  2    Str:  7    XL:     6   Next: 23%
Gold:   123        EV: 12    Int: 19    God:
                   SH:  0    Dex: 13

rFire   + + .      SeeInvis .   (no weapon)
rCold   x . .      Faith    .   (no shield)
rNeg    . . .      Spirit   .   a - +0 robe
rPois   ∞          Reflect  .   (no helmet)
rElec   .          Harm     .   (no cloak)
rCorr   .          Rampage  .   (no gloves)
Will    .....                   (boots unavailable)
Stlth   ++........              (no amulet)
HPRegen 0.13/turn               (no ring)
MPRegen 0.00/turn               (no ring)

@: flying
A: sickness immunity, fire resistance 2, cold vulnerability 1, float, innate
caster, HP casting, extra vitality 1
a: no special abilities


You were on level 4 of the Dungeon.
You visited 1 branch of the dungeon, and saw 4 of its levels.

You collected 123 gold pieces.

Inventory:

Missiles
 k - a throwing net
Armour
 a - a +0 robe (worn)
Jewellery
 i - a ring of protection from cold
 m - a ring of ice
Wands
 j - a wand of polymorph (5)
Scrolls
 c - a scroll of fog {unknown}
 d - a scroll of teleportation {unknown}
 e - a scroll of identify {unknown}
 g - 2 scrolls of blinking {unknown}
Potions
 b - a potion of heal wounds {unknown}
 f - a potion of berserk rage {unknown}
 h - 2 potions of haste {unknown}
 l - a potion of curing {unknown}


   Skills:
 + Level 0.1 Fighting
 + Level 2.6 Dodging
 + Level 1.8 Stealth
 + Level 5.3 Spellcasting


You had one spell level left.
You knew the following spells:

 Your Spells              Type           Power      Damage    Failure   Level
a - Freeze                Ice            100%       1d11      1%          1
b - Frozen Ramparts       Ice            50%        1d7       4%          3
c - Ozocubu's Armour      Ice            25%        N/A       4%          3
d - Hailstorm             Conj/Ice       25%        3d7       13%         4
e - Summon Small Mammal   Summ           100%       N/A       1%          1
f - Call Imp              Summ           25%        N/A       1%          2
Your spell library was empty.

Dungeon Overview and Level Annotations

Branches:
Dungeon (4/15)
 Temple: D:4-7

Altars:
Ashenzari
Gozag
Hepliaklqana
Okawaru


Innate Abilities, Weirdness & Mutations

You are immune to sickness and miasma.
You are immune to poison.
Your flesh is very heat resistant. (rF++)
You are vulnerable to cold. (rC-)
You float through the air rather than walking.
You learn spells naturally, not from books.
Your magical power is your life essence.
You have superior vitality. (+4 MHP)


Message History

The iguana bites your crimson imp! The centaur skeleton misses you.
The centaur skeleton kicks you but does no damage.
The orc priest looks encouraged for a moment.
Your crimson imp blinks!
Casting: Summon Small Mammal (safe; 1% risk of failure)
Confirm with . or Enter, or press ? or * to list all spells.
The centaur skeleton hits you.
* * * LOW HITPOINT WARNING * * *
The centaur skeleton barely misses you.
The iguana hisses menacingly.
An orc comes into view. It is wielding a +6 hand axe.
The orc priest barely misses you.
Your quokka closely misses the iguana.
Aiming: Freeze (safe; 1% risk of failure)
Press: ? - help, Q - select action, (/) - cycle Shift-Dir - straight line, f - orc priest, p - centaur skeleton
Aim: an orc priest, wielding a +0 mace (moderately wounded)
You freeze the orc priest!
The orc priest is almost dead.
* * * LOW HITPOINT WARNING * * *
The centaur skeleton barely misses you.
The centaur skeleton kicks you but does no damage.
An orc comes into view. It is wielding a +0 dagger.
The iguana misses you.
Your quokka bites the iguana.
An orc comes into view. It is wielding a +0 whip.
Your quokka bites the iguana but does no damage.
The orc priest looks encouraged for a moment.
The centaur skeleton hits you.
* * * LOW HITPOINT WARNING * * *
The centaur skeleton kicks you but does no damage.
Aiming: Freeze (safe; 1% risk of failure)
Press: ? - help, Q - select action, (/) - cycle Shift-Dir - straight line, f/p - orc priest
Aim: an orc priest, wielding a +0 mace (almost dead)
You freeze the orc priest.
You kill the orc priest!
The orc shouts!
* * * LOW HITPOINT WARNING * * *
The iguana bites you.
* * * LOW HITPOINT WARNING * * *
Your quokka bites the iguana but does no damage.
Your quokka barely misses the iguana.
The centaur skeleton hits you.
You die...

..!##..o##
#.)#.....#.
#....._.... #
#..#....o# .#
.######.##...##.#
................#
#.........)ro.#.##
#!.....<.Z@l......
......#.####.r##.#.
.............5...
..............##..#
.......#####.## ##
.#.#... ... .. ..#.
.. # ..... !#
######


You could see an iguana (ally target), 3 orcs, a centaur skeleton (ally target),
a friendly crimson imp (summoned) and 2 friendly quokkas.

Vanquished Creatures
  A jelly (D:4)
  An orc priest (D:4)
  Jessica (D:3)
  Terence (D:3)
  3 gnolls (D:3)
  5 adders
  2 worms
  2 dart slugs (D:3)
  An orc (D:3)
  9 bats
  3 endoplasms
  A giant cockroach (D:3)
  2 goblins (D:2)
  9 hobgoblins
  3 jackals (D:2)
  7 quokkas
  5 ball pythons
  3 kobolds
  8 rats
67 creatures vanquished.

Notes
Turn   | Place    | Note
-------+----------+-------------------------------------------
     0 | D:1      | 101zpm the Djinni Ice Elementalist began the quest for the
                  | Orb.
     0 | D:1      | Reached XP level 1. HP: 15/15 MP: 0/0
   375 | D:1      | Reached XP level 2. HP: 20/21 MP: 0/0
  1255 | D:2      | Reached XP level 3. HP: 19/25 MP: 0/0
  1255 | D:2      | Learned a level 1 spell: Summon Small Mammal
  1457 | D:2      | Reached skill level 4 in Spellcasting
  2047 | D:2      | Reached XP level 4. HP: 25/31 MP: 0/0
  2376 | D:3      | Found an opulent altar of Gozag.
  2404 | D:3      | Found a broken altar of Ashenzari.
  2680 | D:3      | Noticed Terence
  2694 | D:3      | Killed Terence
  2695 | D:3      | Reached XP level 5. HP: 3/35 MP: 0/0
  2695 | D:3      | Learned a level 2 spell: Call Imp
  3078 | D:3      | Noticed Jessica
  3093 | D:3      | Killed Jessica
  3094 | D:3      | Reached skill level 5 in Spellcasting
  3525 | D:3      | Reached XP level 6. HP: 14/40 MP: 0/0
  3817 | D:3      | Found a hazy altar of Hepliaklqana.
  4235 | D:4      | Found an iron altar of Okawaru.
  4498 | D:4      | HP: 2/40 [iguana (4)]
  4498 | D:4      | Slain by a centaur skeleton

Illustrated notes

Levels and vault maps discovered:
D:1:      minmay_arrival_diagonal_passages, layout_basic
D:2:      layout_rooms, corexii_corridor_pit
D:3:      layout_basic, mainiacjoe_overflow_catwalk,
          nicolae_overflow_hidden_temple, lemuel_doored_altar, uniq_terence,
          uniq_jessica
D:4:      minmay_angry_zag, layout_loops_ring, okawaru_gym_becter,
          fedhas_altar_4, temple_hall, uniq_menkaure, uniq_sigmund, uniq_edmund

Skill      XL: |  1  2  3  4  5 |
---------------+----------------+-----
Spellcasting   | 4 5 |  5.3
Fighting       | |  0.1
Dodging        | |  2.6
Stealth        | |  1.8

Action                   |  1- 3 |  4- 6 || total
-------------------------+-------+-------++-------
Melee: Unarmed           |     6 |     9 ||    15
 Cast: Freeze            |    56 |    71 ||   127
       Summon Small Mamm |       |     4 ||     4
       Call Imp          |       |     1 ||     1
Armor: Robe              |     8 |    13 ||    21
Dodge: Dodged            |    32 |    49 ||    81
